A- - U25
ABERDEEN IRONBIRDS @ YAKIMA VALLEY PIPPINS
06/19/2052
 
TOP OF THE 1ST
Staten Island Pizza Rats batting - Pitching for Brooklyn Cyclones : RHP Grady Botello
Pitching: RHP Grady Botello
Batting: RHB Jerry Lopez 0-0: Ball
1-0: Called Strike
1-1: Swinging Strike
1-2: Ball
2-2: Foul Ball, location: 2F
2-2: Strikes out swinging
Batting: RHB Steven Holden 0-0: Ball
1-0: Ball
2-0: Fly out, F8 (Flyball, 8LD, EV 91.9 MPH)
Batting: RHB Snake Blasi 0-0: Ball
1-0: Ball
2-0: DOUBLE (Flyball, 89D, EV 103.1 MPH)
Batting: LHB Kateb Curry 0-0: Ball
1-0: Called Strike
1-1: Swinging Strike
1-2: Ball
2-2: Foul Ball, location: 2F
2-2: Strikes out swinging
Top of the 1st over - 0 runs, 1 hit, 0 errors, 1 left on base; Staten Island 0 - Brooklyn 0
BOTTOM OF THE 1ST
Brooklyn Cyclones batting - Pitching for Staten Island Pizza Rats : RHP Sachel Lang
Pitching: RHP Sachel Lang
Batting: RHB Marcus Gailliard 0-0: Ball
1-0: Fly out, F8 (Flyball, 8LS, EV 94.4 MPH)
Batting: LHB Nando Mota 0-0: Ball
1-0: Ball
2-0: Called Strike
2-1: Foul Ball, location: 2F
2-2: Strikes out swinging
Batting: SHB Chet Moore 0-0: Ball
1-0: Foul Ball, location: 2F
1-1: Called Strike
1-2: Fly out, F9 (Flyball, 9S, EV 88.8 MPH)
Bottom of the 1st over - 0 runs, 0 hits, 0 errors, 0 left on base; Staten Island 0 - Brooklyn 0
TOP OF THE 2ND
Staten Island Pizza Rats batting - Pitching for Brooklyn Cyclones : RHP Grady Botello
Batting: LHB Nicolás Barriga 0-0: Foul Ball, location: 2F
0-1: Ball
1-1: Ball
2-1: Called Strike
2-2: Ball
3-2: Foul Ball, location: 2F
3-2: Strikes out swinging
Batting: RHB Lawrence Dickson 0-0: Ground out 5-3 (Groundball, 5, EV 92.5 MPH)
Batting: RHB Arthur Ford 0-0: Called Strike
0-1: Foul Ball, location: 2F
0-2: Fly out, F8 (Line Drive, 8RM, EV 101.9 MPH)
Top of the 2nd over - 0 runs, 0 hits, 0 errors, 0 left on base; Staten Island 0 - Brooklyn 0
BOTTOM OF THE 2ND
Brooklyn Cyclones batting - Pitching for Staten Island Pizza Rats : RHP Sachel Lang
Batting: LHB Lucas Suttman 0-0: Foul Ball, location: 2F
0-1: Ball
1-1: Ball
2-1: Ball
3-1: Foul Ball, location: 2F
3-2: Fly out, F8 (Flyball, 8LS, EV 95.6 MPH)
Batting: RHB Justin Durham 0-0: Ball
1-0: Swinging Strike
1-1: Fly out, F8 (Flyball, 89D, EV 82.5 MPH)
Batting: RHB Inácio Rivera 0-0: DOUBLE (Line Drive, 9LS, EV 90.0 MPH)
Batting: RHB Cecilio Bueno 0-0: Called Strike
0-1: Foul Ball, location: 2F
0-2: Foul Ball, location: 2F
0-2: Ball
1-2: Ball
2-2: Fly out, F7 (Flyball, 7D, EV 85.6 MPH)
Bottom of the 2nd over - 0 runs, 1 hit, 0 errors, 1 left on base; Staten Island 0 - Brooklyn 0
TOP OF THE 3RD
Staten Island Pizza Rats batting - Pitching for Brooklyn Cyclones : RHP Grady Botello
Batting: RHB Mike Simon 0-0: Foul Ball, location: 2F
0-1: Swinging Strike
0-2: Ball
1-2: Foul Ball, location: 2F
1-2: Ball
2-2: Ball
3-2: Strikes out swinging
Batting: LHB Caetano Mora 0-0: Foul Ball, location: 2F
0-1: Ball
1-1: Foul Ball, location: 2F
1-2: Foul Ball, location: 2F
1-2: Strikes out swinging, 2-3 out at first.
Batting: RHB Jerry Lopez 0-0: Ball
1-0: Ball
2-0: Foul Ball, location: 2F
2-1: Ball
3-1: Base on Balls
Batting: RHB Steven Holden 0-0: Called Strike
Jerry Lopez steals 2nd base
0-1: Ball
1-1: Ball
2-1: Ball
3-1: Foul Ball, location: 2F
3-2: Strikes out swinging
Top of the 3rd over - 0 runs, 0 hits, 0 errors, 1 left on base; Staten Island 0 - Brooklyn 0
BOTTOM OF THE 3RD
Brooklyn Cyclones batting - Pitching for Staten Island Pizza Rats : RHP Sachel Lang
Batting: LHB Charlie Page 0-0: Ground out 6-3 (Groundball, 6M, EV 83.8 MPH)
Batting: SHB Pirro Izquierdo 0-0: Swinging Strike
0-1: Ball
1-1: Ball
2-1: Fly out, F9 (Line Drive, 9, EV 101.9 MPH)
Batting: RHB Marcus Gailliard 0-0: Ball
1-0: Called Strike
1-1: Swinging Strike
1-2: Foul Ball, location: 2F
1-2: Fly out, F7 (Flyball, 78M, EV 98.8 MPH)
Bottom of the 3rd over - 0 runs, 0 hits, 0 errors, 0 left on base; Staten Island 0 - Brooklyn 0
TOP OF THE 4TH
Staten Island Pizza Rats batting - Pitching for Brooklyn Cyclones : RHP Grady Botello
Batting: RHB Snake Blasi 0-0: Called Strike
0-1: Ball
1-1: Ball
2-1: Ball
3-1: Base on Balls
Batting: LHB Kateb Curry 0-0: Called Strike
0-1: Foul Ball, location: 2F
0-2: Ball
1-2: Ball
2-2: 2-RUN HOME RUN (Flyball, 9D, EV 96.2 MPH), Distance : 372 ft
Batting: LHB Nicolás Barriga 0-0: Ball
1-0: Called Strike
1-1: Ball
2-1: Foul Ball, location: 2F
2-2: Ball
3-2: Ground out U3 (Groundball, 3, EV 104.4 MPH)
Batting: RHB Lawrence Dickson 0-0: Called Strike
0-1: Ball
1-1: Ball
2-1: Ball
3-1: Fly out, F8 (Line Drive, 8RD, EV 92.5 MPH)
Batting: RHB Arthur Ford 0-0: Called Strike
0-1: Called Strike
0-2: SOLO HOME RUN (Flyball, 7D, EV 98.8 MPH), Distance : 370 ft
Batting: RHB Mike Simon 0-0: Ball
1-0: Ground out 6-3 (Groundball, 6, EV 105.6 MPH)
Top of the 4th over - 3 runs, 2 hits, 0 errors, 0 left on base; Staten Island 3 - Brooklyn 0
BOTTOM OF THE 4TH
Brooklyn Cyclones batting - Pitching for Staten Island Pizza Rats : RHP Sachel Lang
Batting: LHB Nando Mota 0-0: Called Strike
0-1: Called Strike
0-2: Ball
1-2: Foul Ball, location: 2F
1-2: Ground out 1-3 (Groundball, 15S, EV 70.0 MPH)
Batting: SHB Chet Moore 0-0: Ball
1-0: Swinging Strike
1-1: Foul Ball, location: 2F
1-2: Ball
2-2: Foul Ball, location: 2F
2-2: Fly out, F9 (Flyball, 9D, EV 98.1 MPH)
Batting: LHB Lucas Suttman 0-0: Ball
1-0: Called Strike
1-1: Ball
2-1: Swinging Strike
2-2: Foul Ball, location: 2F
2-2: Strikes out swinging
Bottom of the 4th over - 0 runs, 0 hits, 0 errors, 0 left on base; Staten Island 3 - Brooklyn 0
TOP OF THE 5TH
Staten Island Pizza Rats batting - Pitching for Brooklyn Cyclones : RHP Grady Botello
Pitching: RHP Billy Manor
Batting: LHB Caetano Mora 0-0: Foul Ball, location: 2F
0-1: Foul Ball, location: 2F
0-2: Strikes out swinging
Batting: RHB Jerry Lopez 0-0: Called Strike
0-1: Ground out 5-3 (Groundball, 56S, EV 71.9 MPH)
Batting: RHB Steven Holden 0-0: Called Strike
0-1: Ground out 6-3 (Groundball, 6, EV 80.6 MPH)
Top of the 5th over - 0 runs, 0 hits, 0 errors, 0 left on base; Staten Island 3 - Brooklyn 0
BOTTOM OF THE 5TH
Brooklyn Cyclones batting - Pitching for Staten Island Pizza Rats : RHP Sachel Lang
Batting: RHB Justin Durham 0-0: Reached on error, E4 (Groundball, 4, EV 91.2 MPH)
Batting: RHB Inácio Rivera 0-0: Ball
1-0: Sac Bunt to 3S - play at first, batter safe!
Justin Durham to second
Batting: RHB Cecilio Bueno 0-0: Foul Ball, location: 2F
0-1: Swinging Strike
0-2: Strikes out swinging
Batting: LHB Charlie Page 0-0: Swinging Strike
0-1: DOUBLE (Line Drive, 9LS, EV 109.4 MPH)
Justin Durham scores
Inácio Rivera to third
Runner from 3rd tries for Home, SAFE, throw by RF to home
Batting: SHB Pirro Izquierdo 0-0: Ball
1-0: Foul Ball, location: 2F
1-1: Called Strike
1-2: Ball
2-2: Ball
3-2: Strikes out swinging
Batting: RHB Marcus Gailliard 0-0: Ground out 1-3 (Groundball, 15, EV 68.8 MPH)
Bottom of the 5th over - 2 runs, 2 hits, 1 error, 1 left on base; Staten Island 3 - Brooklyn 2
TOP OF THE 6TH
Staten Island Pizza Rats batting - Pitching for Brooklyn Cyclones : RHP Billy Manor
Batting: RHB Snake Blasi 0-0: Foul Ball, location: 2F
0-1: Fly out, F8 (Flyball, 8RS, EV 85.0 MPH)
Batting: LHB Kateb Curry 0-0: Ball
1-0: Ball
2-0: Fly out, F7 (Flyball, 78S, EV 73.1 MPH)
Batting: LHB Nicolás Barriga 0-0: Called Strike
0-1: Swinging Strike
0-2: Foul Ball, location: 2F
0-2: Foul Ball, location: 2F
0-2: Foul Ball, location: 2F
0-2: Ball
1-2: SINGLE (Line Drive, 89S, EV 108.8 MPH)
Batting: RHB Lawrence Dickson 0-0: Ball
1-0: Ball
2-0: Called Strike
2-1: Foul Ball, location: 2F
2-2: Ball
3-2: Base on Balls
Nicolás Barriga to second
Batting: RHB Arthur Ford 0-0: Fielders Choice at 2nd, 6-4 (Groundball, 6, EV 109.4 MPH)
Top of the 6th over - 0 runs, 1 hit, 0 errors, 2 left on base; Staten Island 3 - Brooklyn 2
BOTTOM OF THE 6TH
Brooklyn Cyclones batting - Pitching for Staten Island Pizza Rats : RHP Sachel Lang
Batting: LHB Nando Mota 0-0: Foul Ball, location: 2F
0-1: Swinging Strike
0-2: Ball
1-2: Foul Ball, location: 2F
1-2: Ball
2-2: Strikes out looking
Batting: SHB Chet Moore 0-0: Called Strike
0-1: Ball
1-1: SINGLE (Line Drive, 4M, EV 96.9 MPH)
Batting: LHB Lucas Suttman 0-0: Foul Ball, location: 2F
0-1: Swinging Strike
0-2: Ball
1-2: Foul Ball, location: 2F
1-2: Strikes out swinging
Pitching: RHP Vicente Alba
Batting: RHB Justin Durham 0-0: Called Strike
0-1: SINGLE (Groundball, 6MD, EV 108.1 MPH)
Chet Moore to second
Batting: RHB Inácio Rivera 0-0: Ball
1-0: Fly out, F8 (Flyball, 89XD, EV 102.5 MPH)
Bottom of the 6th over - 0 runs, 2 hits, 0 errors, 2 left on base; Staten Island 3 - Brooklyn 2
TOP OF THE 7TH
Staten Island Pizza Rats batting - Pitching for Brooklyn Cyclones : RHP Billy Manor
Batting: RHB Mike Simon 0-0: Ball
1-0: Ball
2-0: Called Strike
2-1: Swinging Strike
2-2: Fly out, F6 (Popup, 6M, EV 70.6 MPH)
Batting: LHB Caetano Mora 0-0: Foul Ball, location: 2F
0-1: Foul Ball, location: 2F
0-2: Ball
1-2: Ball
2-2: Fly out, F6 (Flyball, 56D, EV 90.6 MPH)
Batting: RHB Jerry Lopez 0-0: Swinging Strike
0-1: Ball
1-1: Ball
2-1: Called Strike
2-2: Ground out 6-3 (Groundball, 6, EV 83.1 MPH)
Top of the 7th over - 0 runs, 0 hits, 0 errors, 0 left on base; Staten Island 3 - Brooklyn 2
BOTTOM OF THE 7TH
Brooklyn Cyclones batting - Pitching for Staten Island Pizza Rats : RHP Vicente Alba
Batting: RHB Cecilio Bueno 0-0: Ball
1-0: Swinging Strike
1-1: Called Strike
1-2: Strikes out swinging
Batting: LHB Charlie Page 0-0: Foul Ball, location: 2F
0-1: Ball
1-1: Ball
2-1: Ball
3-1: Swinging Strike
3-2: Base on Balls
Pitching: RHP Lowell Meneses
Batting: SHB Pirro Izquierdo 0-0: Called Strike
0-1: Swinging Strike
0-2: Ball
1-2: SINGLE (Groundball, P, EV 97.5 MPH)
Charlie Page to second
Runner from 2nd tries for 3rd, SAFE, no throw by CF
Batting: RHB Marcus Gailliard 0-0: Ball
1-0: Ball
2-0: TRIPLE (Flyball, 78XD, EV 101.2 MPH)
Charlie Page scores
Pirro Izquierdo scores
Batting: LHB Nando Mota 0-0: Foul Ball, location: 2F
0-1: Ball
1-1: SINGLE (Groundball, 34D, EV 103.1 MPH)
Marcus Gailliard scores
Batting: SHB Chet Moore 0-0: Called Strike
0-1: Ball
1-1: Ball
2-1: Called Strike
Nando Mota is caught stealing 2nd base 2-6
2-2: Strikes out swinging
Bottom of the 7th over - 3 runs, 3 hits, 0 errors, 0 left on base; Staten Island 3 - Brooklyn 5
TOP OF THE 8TH
Staten Island Pizza Rats batting - Pitching for Brooklyn Cyclones : RHP Billy Manor
Batting: RHB Steven Holden 0-0: Foul Ball, location: 2F
0-1: Foul Ball, location: 2F
0-2: Foul Ball, location: 2F
0-2: Ball
1-2: Ball
2-2: Ball
3-2: Ground out U3 (Groundball, 34, EV 83.1 MPH)
Batting: RHB Snake Blasi 0-0: Called Strike
0-1: Foul Ball, location: 2F
0-2: Fly out, F4 (Popup, 23, EV 81.9 MPH)
Pitching: LHP Guy Jacobsen
Batting: LHB Kateb Curry 0-0: Called Strike
0-1: Ball
1-1: Swinging Strike
1-2: Ball
2-2: Strikes out swinging
Top of the 8th over - 0 runs, 0 hits, 0 errors, 0 left on base; Staten Island 3 - Brooklyn 5
BOTTOM OF THE 8TH
Brooklyn Cyclones batting - Pitching for Staten Island Pizza Rats : RHP Lowell Meneses
Batting: LHB Lucas Suttman 0-0: Foul Ball, location: 2F
0-1: Fly out, F9 (Flyball, 89M, EV 91.2 MPH)
Batting: RHB Justin Durham 0-0: Called Strike
0-1: Called Strike
0-2: Ball
1-2: Ground out 4-3 (Groundball, 4, EV 90.0 MPH)
Batting: RHB Inácio Rivera 0-0: Called Strike
0-1: Ball
1-1: Swinging Strike
1-2: Ball
2-2: Strikes out looking
Bottom of the 8th over - 0 runs, 0 hits, 0 errors, 0 left on base; Staten Island 3 - Brooklyn 5
TOP OF THE 9TH
Staten Island Pizza Rats batting - Pitching for Brooklyn Cyclones : LHP Guy Jacobsen
Pitching: RHP Johnny Graham
Batting: LHB Nicolás Barriga 0-0: Ball
1-0: Ball
2-0: Ball
3-0: Base on Balls
Batting: RHB Lawrence Dickson 0-0: Ball
1-0: Ball
2-0: Swinging Strike
2-1: Called Strike
2-2: Fly out, F8 (Flyball, 8RD, EV 98.1 MPH)
Batting: RHB Arthur Ford 0-0: Foul Ball, location: 2F
0-1: Ball
1-1: Fly out, F8 (Flyball, 8RXD, EV 94.4 MPH)
Batting: RHB Mike Simon 0-0: Called Strike
0-1: Ball
1-1: Ball
2-1: Fly out, F9 (Flyball, 9D, EV 91.9 MPH)
Top of the 9th over - 0 runs, 0 hits, 0 errors, 1 left on base; Staten Island 3 - Brooklyn 5
Thursday, April 25th , 2024 - OOTP Baseball 24.11 Build 85